 Dungeon Crawl Stone Soup version 0.26.1-2-gb8aa6d0cf2 (webtiles) character file.

Game seed: 4131893834525586886

168 Gabide the Chiller (level 5, -6/33 HPs)
             Began as a Human Wanderer on Feb 19, 2021.
             Was a Follower of Hepliaklqana.
             Mangled by an orc warrior
             ... wielding a +0 flail
              (10 damage)
             ... on level 3 of the Dungeon on Feb 20, 2021.
             The game lasted 00:12:19 (2939 turns).

Gabide the Chiller (Human Wanderer)                 Turns: 2939, Time: 00:12:19

Health: -6/33      AC:  3    Str: 17    XL:     5   Next: 77%
Magic:  5/8        EV: 11    Int: 10    God:    Hepliaklqana [*.....]
Gold:   27         SH:  0    Dex: 11    Spells: 4/8 levels left

rFire    . . .     SeeInvis .   b - +1 dagger (venom)
rCold    . . .     Faith    .   (no shield)
rNeg     . . .     Spirit   .   g - +0 leather armour
rPois    .         Reflect  .   (no helmet)
rElec    .         Harm     .   (no cloak)
rCorr    .         Rampage  .   (no gloves)
Will     .....                  (no boots)
Stlth    +.........             (no amulet)
HPRegen  0.11/turn              f - ring of flight
MPRegen  0.11/turn              (no ring)

@: lethally poisoned (-6 -> -10), very slightly contaminated
A: reduced essence
a: Renounce Religion, Evoke Flight, Recall Ancestor, Ancestor Identity


You were on level 3 of the Dungeon.
You worshipped Hepliaklqana.
Hepliaklqana was aware of your devotion.
You visited 1 branch of the dungeon, and saw 3 of its levels.

You collected 27 gold pieces.

Inventory:

Hand Weapons
 a - a +0 shortbow
 b - a +1 dagger of venom (weapon)
Missiles
 c - 17 arrows
Armour
 g - a +0 leather armour (worn)
Jewellery
 f - a ring of flight (left hand)
Wands
 h - a wand of disintegration (9)
 i - a wand of digging (2)
Scrolls
 d - a scroll of identify
Potions
 e - a potion of mutation


   Skills:
 * Level 1.1 Fighting
 + Level 0.2 Short Blades
 + Level 3.2 Bows
 - Level 1.0 Armour
 * Level 1.4 Dodging
 - Level 2.0 Shields
 * Level 2.3 Spellcasting
 + Level 2.1 Transmutations
 + Level 3.2 Ice Magic


You had 4 spell levels left.
You knew the following spells:

 Your Spells              Type           Power        Failure   Level
a - Freeze                Ice            28%          10%         1
b - Ozocubu's Armour      Ice            7%           28%         3

Your spell library contained the following spells:

 Spells                   Type           Power        Failure   Level
 Wereblood                Tmut           5%           22%         2
 Frozen Ramparts          Ice            14%          28%         3
 Passwall                 Tmut/Erth      2%           34%         2
 Hailstorm                Conj/Ice       4%           88%         4
 Summon Ice Beast         Ice/Summ       4%           88%         4


Dungeon Overview and Level Annotations

Branches:
Dungeon (3/15)

Altars:
Dithmenos
Gozag
Hepliaklqana
Nemelex Xobeh


Message History

You feel sick.
Numeria barely misses the orc warrior.
The orc warrior throws a poisoned dart.
The poisoned dart closely misses you.
Your +1 dagger of venom begins to drip with poison!
b - a +1 dagger of venom (weapon)
The orc priest hits Numeria with a +0 trident.
Numeria hits the orc priest.
You feel sick. The orc warrior barely misses you.
The orc priest hits you from afar with a +0 trident.
* * * LOW HITPOINT WARNING * * *
Numeria hits the orc priest.
The orc priest dies!
Casting: Freeze (safe; 10% risk of failure)
Confirm with . or Enter, or press ? or * to list all spells.
The spell is quite dangerous to cast (28% risk of failure)!
Continue anyway?
You miscast Ozocubu's Armour.
You are very lightly contaminated with residual magic.
You are encased in ice.
* * * LOW HITPOINT WARNING * * *
The orc warrior hits you with a +0 flail!
You die...

#.(.......
+##########.....(...
...........(........
.......[<[.....(....
######......(.......
#.#####.(......
...#.(..R).Ro...
#####.###o####((#
#@# .. #.# . #.# #.#
#(# .#. . . . . ..
..


You could see the friendly Numeria the ancestor and an orc warrior.

Vanquished Creatures
  An orc wizard (D:3)
  Ijyb (D:3)
  3 gnolls (D:2)
  An adder (D:2)
  2 leopard geckos (D:2)
  3 giant cockroaches
  2 goblins (D:1)
  3 hobgoblins
  3 jackals (D:3)
  4 kobolds
  A quokka (D:2)
  4 bats
  2 frilled lizards
  6 rats
36 creatures vanquished.

Vanquished Creatures (collateral kills)
  An orc priest (D:3)
  An adder (D:2)
  A goblin (D:2)
  A hobgoblin (D:2)
  A jackal (D:3)
  A kobold (D:2)
6 creatures vanquished.

Grand Total: 42 creatures vanquished

Notes
Turn   | Place    | Note
-------+----------+-------------------------------------------
     0 | D:1      | Gabide the Human Wanderer began the quest for the Orb.
     0 | D:1      | Gabide set off with the following items: a +0 shortbow, 29
                  | arrows, a +0 robe; and the following spell memorised:
                  | Freeze; and the following spells available to memorise:
                  | Wereblood, Passwall, Frozen Ramparts, Ozocubu's Armour,
                  | Hailstorm, Summon Ice Beast
     0 | D:1      | Reached XP level 1. HP: 13/13 MP: 2/2
   538 | D:1      | Reached XP level 2. HP: 19/19 MP: 3/3
  1241 | D:2      | Reached XP level 3. HP: 24/24 MP: 0/4
  1601 | D:2      | Reached skill level 1 in Dodging
  1907 | D:2      | Reached XP level 4. HP: 17/31 MP: 0/6
  2137 | D:2      | Learned a level 3 spell: Ozocubu's Armour
  2456 | D:2      | Found a faded altar of an unknown god.
  2456 | D:2      | Found a sparkling altar of Nemelex Xobeh.
  2464 | D:2      | Found an opulent altar of Gozag.
  2466 | D:2      | Found a shadowy altar of Dithmenos.
  2467 | D:2      | Found a faded altar of an unknown god.
  2477 | D:2      | Became a worshipper of Hepliaklqana the Forgotten
  2477 | D:2      | Reached * piety under Hepliaklqana
  2703 | D:3      | Noticed Ijyb
  2717 | D:3      | Killed Ijyb
  2718 | D:3      | Reached XP level 5. HP: 11/32 MP: 2/7
  2721 | D:3      | Reached skill level 1 in Fighting
  2920 | D:3      | Noticed an orc warrior
  2939 | D:3      | Mangled by an orc warrior

Illustrated notes

Levels and vault maps discovered:
D:1:      heliophobic_arrival_battle_scene, layout_loops_ring
D:2:      layout_basic, chequers_temple_overflow_minitemple,
          kennysheep_generic_room_7
D:3:      layout_basic, minmay_misc_feat_hallway, nicolae_ashenzari_panopticon,
          uniq_ijyb

Skill      XL: |  1  2  3  4  5 |
---------------+----------------+-----
Dodging        | 1 |  1.4
Ice Magic      | 3 |  3.2
Bows           | 3 |  3.2
Fighting       | 1 |  1.1
Spellcasting   | 2 |  2.3
Short Blades   | |  0.2
Armour         | |  1.0
Shields        | |  2.0
Transmutations | |  2.1

Action                   |  1- 3 |  4- 6 || total
-------------------------+-------+-------++-------
Melee: Dagger            |     5 |    22 ||    27
 Fire: Shortbow          |    61 |    18 ||    79
 Cast: Freeze            |    30 |     5 ||    35
       Ozocubu's Armour  |       |     2 ||     2
Invok: Recall Ancestor   |       |     1 ||     1
       Ancestor Identity |       |     1 ||     1
  Use: Scroll            |     3 |     6 ||     9
       Potion            |       |     2 ||     2
Armor: Leather armour    |     8 |     7 ||    15
Dodge: Dodged            |    30 |    30 ||    60
